 Dungeon Crawl Stone Soup version 0.25-a0-518-g7669666 (webtiles) character file.

Game seed: 4878945555957502363, levelgen mode: deterministic

11447 15 the Frost Mage (level 11, -13/97 HPs)
             Began as a Merfolk Ice Elementalist on Feb 17, 2020.
             Was an Elder of Sif Muna.
             Collided with a metal wall (18 damage)
             ... caused by a wretched star
             ... in a Gauntlet.
             The game lasted 01:17:01 (12026 turns).

15 the Frost Mage (Merfolk Ice Elementalist)       Turns: 12026, Time: 01:17:03

Health: -13/97     AC:  6    Str: 10    XL:     11   Next: 77%
Magic:  20/30      EV: 14    Int: 16    God:    Sif Muna [****..]
Gold:   99         SH:  0    Dex: 15    Spells: 0/24 levels left

rFire    x . .     SeeInvis .     - Unarmed
rCold    + + +     Gourm    .   (shield currently unavailable)
rNeg     . . .     Faith    .   (armour currently unavailable)
rPois    +         Spirit   .   (helmet currently unavailable)
rElec    .         Reflect  .   (cloak currently unavailable)
rCorr    .         Harm     .   (gloves currently unavailable)
MR       .....     NoTele   +   (boots currently unavailable)
Stlth    ++........             (no amulet)
HPRegen  0.26/turn              B - ring of magical power
MPRegen  0.22/turn              y - ring of poison resistance

@: ice-form, frozen ramparts, very slightly contaminated, invisible
A: large, (change form in water), (swift swim), (stealthy swim)
a: End Transformation, Channel Magic, Forget Spell, Divine Exegesis, Renounce
Religion


You were in a Gauntlet.
You worshipped Sif Muna.
Sif Muna was greatly pleased with you.
You were not hungry.
You were a creature of crystalline ice.
You visited 2 branches of the dungeon, and saw 13 of its levels.
You also visited: Sewer and Gauntlet.

You collected 759 gold pieces.
You spent 660 gold pieces at shops.

Inventory:

Hand Weapons
 f - a +0 dagger
 o - a +3 quarterstaff of chaos
 u - a +1 vampiric war axe
 A - a +2 war axe of venom
 H - the +6 spear of Governance (melded) {flame, rC+ rN+}
   (You found it on level 8 of the Dungeon)

   It has been specially enchanted to burn those struck by it, causing extra
   injury to most foes and up to half again as much damage against particularly
   susceptible opponents.
   It protects you from cold.
   It protects you from negative energy.
Missiles
 d - 13 boomerangs (quivered)
 K - 2 boomerangs of dispersal
Armour
 a - a +0 robe
 p - a +1 cloak (melded)
 C - a +2 plate armour of poison resistance
 N - +0 steam dragon scales (melded)
 O - a +0 helmet of see invisible (melded)
 S - a +2 robe of cold resistance
Magical Staves
 k - an uncursed staff of wizardry
Jewellery
 e - an uncursed ring of ice
 w - an uncursed ring of flight
 y - a ring of poison resistance (right front paw)
 z - a +3 ring of slaying
 B - a ring of magical power (left front paw)
Wands
 j - a wand of flame (16)
 x - a wand of iceblast (4)
 L - a wand of paralysis (5)
Scrolls
 b - 4 scrolls of immolation {unknown}
 g - 5 scrolls of remove curse
 l - 3 scrolls of fog {unknown}
 q - 10 scrolls of teleportation
 r - 4 scrolls of fear {unknown}
 s - 3 scrolls of blinking {unknown}
 D - 3 scrolls of random uselessness {unknown}
 G - a scroll of enchant armour {unknown}
 I - 2 scrolls of enchant weapon {unknown}
 J - a scroll of noise {unknown}
 Q - a scroll of vulnerability {unknown}
 R - a scroll of summoning {unknown}
Potions
 h - 2 potions of might
 i - 2 potions of resistance
 m - a potion of haste {unknown}
 n - 6 potions of curing
 t - a potion of berserk rage {unknown}
 v - a potion of stabbing
 E - 2 potions of lignification
 P - 2 potions of mutation
 T - a potion of brilliance {unknown}
Miscellaneous
 F - a phantom mirror
Comestibles
 c - 15 rations


   Skills:
 * Level 6.1 Fighting
 + Level 0.9(1.6) Axes
 * Level 3.9(4.1) Polearms
 + Level 0.1(1.2) Staves
 + Level 3.4 Throwing
 * Level 3.8 Armour
 * Level 7.4 Dodging
 + Level 2.9 Stealth
 * Level 4.6 Unarmed Combat
 + Level 7.1 Spellcasting
 * Level 3.8 Conjurations
 + Level 4.0 Charms
 * Level 4.2 Summonings
 * Level 4.1 Transmutations
 + Level 8.4 Ice Magic
 * Level 4.4 Invocations
 * Level 4.0 Evocations


You couldn't memorise any spells.
You knew the following spells:

 Your Spells              Type           Power        Failure   Level  Hunger
a - Freeze                Ice            ####         1%          1    None
b - Frozen Ramparts       Ice            ####..       1%          3    ##.....
c - Ozocubu's Armour      Chrm/Ice       ####....     2%          3    ##.....
d - Hailstorm             Conj/Ice       ####....     10%         4    ####...
e - Summon Ice Beast      Ice/Summ       ####....     9%          4    ####...
f - Ice Form              Ice/Tmut       ####....     10%         4    ####...
g - Blade Hands           Tmut           ###.......   52%         5    #####..

Your spell library contained the following spells:

 Spells                   Type           Power        Failure   Level  Hunger
 Beastly Appendage        Tmut           ###...       2%          1    None
 Summon Butterflies       Summ           ###.....     2%          1    None
 Sticks to Snakes         Tmut           ###.....     3%          2    None
 Call Canine Familiar     Summ           ###.....     6%          3    ##.....
 Spider Form              Tmut/Pois      ##........   16%         3    ##.....
 Gell's Gravitas          Tloc           #.........   36%         3    ##.....
 Portal Projectile        Hex/Tloc       #.....       36%         3    ##.....
 Summon Mana Viper        Hex/Summ       ##......     82%         5    #####..
 Dispersal                Tloc           #.........   100%        6    #######
 Summon Hydra             Summ           ###.......   100%        7    #######
 Controlled Blink         Tloc           N/A          100%        8    #######
 Disjunction              Tloc           #.........   100%        8    #######


Dungeon Overview and Level Annotations

Branches:
Dungeon (12/15)            Temple (1/1) D:7            Lair (0/6) D:10
    Orc (0/2) D:9           Sewer (visited)         Gauntlet (1/1)

Altars:
Ashenzari
Cheibriados
Dithmenos
Elyvilon
Fedhas
Gozag
Hepliaklqana
Kikubaaqudgha
Makhleb
Nemelex Xobeh
Okawaru
Qazlal
Ru
Sif Muna
Trog
Uskayaw
Vehumet
Wu Jian
Xom
Yredelemnul
Zin
The Shining One

Shops:
D:7 }   D:9 [   D:11 %

Annotations:
Gauntlet 11 transporters, 21 runed translucent doors


Message History

The lance of force hits you!!
* * * LOW HITPOINT WARNING * * *
Unknown command.
Casting: Ice Form (safe; 10% risk of failure)
Confirm with . or Enter, or press ? or * to list all spells.
A chill wind blows around you.
The wretched star is no longer encased in ice.
The walls release a blast of icicles at the small abomination!
The walls release a blast of icicles at the wretched star!
The wretched star is encased in ice.
You hit the wretched star but do no damage.
The wretched star is moderately damaged.
You punch the wretched star! You freeze the wretched star.
The wretched star is heavily damaged.
Your ice beast completely misses the wretched star.
The walls release a blast of icicles at the wretched star!
The wretched star glows turbulently.
The lance of force hits you!!
* * * LOW HITPOINT WARNING * * *
You die...

......§≈8≈...........§∩#.8....
......§§§.............≈#...##.
#######...###########..#.8.#
#.....#...#...!©")..#..#...#
..##..#...#..##.##..####.8...
#..#..#...#.#..#..#.#©.....##.
..##..###.#.#..#..#.####.8.#
#©.#.©#©#.#..#####..#..#...#
..##..#.#.#.#..#Y.#.#..#§8≈#
#Zk#.[#.#.#.#..#*Y#.#..#
..##.Z#.#.#..##.##..#..#
#....Z#.#.#.........#..#
#######.#############..###
......#........©#......#8#
#######.#########.....§#
......#.#..........#####
...##.#.#..........#8#


You could see a wretched star and a friendly ice beast.

Vanquished Creatures
  A two-headed ogre (D:12)
  A spectral centaur (Gauntlet)
  A worldbinder (Gauntlet)
  A komodo dragon (D:11)
  A troll (D:10)
  Grinder (D:5)
  A slime creature (D:12)
  A wraith (D:10)
  5 yaks
  A steam dragon (D:8)
  A hungry ghost (D:10)
  A soldier ant (D:11)
  4 porcupines
  2 slaves (D:4)
  5 sky beasts
  3 orc warriors
  A hornet zombie (Gauntlet)
  4 ogres
  A phantom (D:8)
  2 boggarts (Gauntlet)
  2 necrophages
  7 centaurs
  4 crocodiles (D:10)
  3 big kobolds (Sewer)
  4 bullfrogs
  A scorpion (D:7)
  2 killer bees (D:9)
  3 wights (D:5)
  A howler monkey (D:4)
  4 crimson imps
  2 quasits
  A centaur skeleton (D:11)
  6 hounds
  16 orc wizards
  Crazy Yiuf (D:2)
  6 orc priests
  Ijyb (D:3)
  Jessica (D:3)
  2 iguanas
  Terence (D:3)
  Natasha (D:2)
  7 worker ants
  A killer bee zombie (D:7)
  A hound skeleton (D:4)
  5 hound zombies
  A worker ant zombie (D:6)
  11 adders
  A howler monkey skeleton (D:10)
  A river rat (D:3)
  2 shadow imps
  3 oozes (Sewer)
  3 adder skeletons
  5 worms
  3 dart slugs
  10 leopard geckos
  35 orcs
  6 bats
  3 giant cockroaches (D:1)
  7 hobgoblins
  8 jackals
  2 quokkas (D:4)
  4 ball pythons
  7 frilled lizards
  5 goblins (D:1)
  9 kobolds
  9 rats
256 creatures vanquished.

Vanquished Creatures (collateral kills)
  Pikel (D:4)
  A centaur zombie (D:11)
  A troll (D:9)
  A slime creature (D:12)
  2 hippogriffs
  A spriggan (D:7)
  8 yaks
  An acid dragon (D:11)
  A black bear (D:8)
  2 ogres
  A crocodile (D:9)
  A killer bee (D:9)
  A crimson imp (D:5)
  2 orc priests
  5 orc wizards
  A leopard gecko (D:6)
  10 orcs
  A fungus (D:10)
41 creatures vanquished.

Vanquished Creatures (others)
  An orc wizard (D:8)
  An adder (D:4)
  4 demonic plants (Gauntlet)
  3 fungi (D:10)
  5 plants (D:10)
  5 toadstools (D:10)
19 creatures vanquished.

Grand Total: 316 creatures vanquished

Notes
Turn   | Place    | Note
-------+----------+-------------------------------------------
     0 | D:1      | 15 the Merfolk Ice Elementalist began the quest for the
                  | Orb.
     0 | D:1      | Reached XP level 1. HP: 13/13 MP: 3/3
   114 | D:1      | Reached XP level 2. HP: 6/20 MP: 0/5
   589 | D:1      | Reached XP level 3. HP: 25/25 MP: 2/6
   632 | D:1      | Reached skill level 1 in Fighting
   642 | D:1      | Learned a level 3 spell: Frozen Ramparts
   828 | D:2      | Found a runed translucent door.
   829 | D:2      | Noticed Crazy Yiuf
   902 | D:2      | Reached skill level 1 in Throwing
  1127 | D:2      | Noticed Natasha
  1131 | D:2      | Killed Natasha
  1131 | D:2      | Reached skill level 5 in Ice Magic
  1131 | D:2      | Reached XP level 4. HP: 24/32 MP: 1/7
  1372 | D:2      | Killed Crazy Yiuf
  1372 | D:2      | Reached XP level 5. HP: 37/37 MP: 3/9
  1429 | D:3      | Found a glowing drain.
  1430 | D:3      | Noticed Jessica
  1460 | D:3      | Killed Jessica
  1489 | Sewer    | Entered a sewer
  1545 | Sewer    | Noticed a big kobold
  1546 | Sewer    | Noticed a big kobold
  1558 | Sewer    | Killed a big kobold
  1558 | Sewer    | Reached XP level 6. HP: 44/44 MP: 1/11
  1692 | Sewer    | Learned a level 3 spell: Ozocubu's Armour
  1697 | Sewer    | Learned a level 4 spell: Hailstorm
  2241 | D:3      | Noticed Terence
  2245 | D:3      | Killed Terence
  2245 | D:3      | Reached skill level 1 in Armour
  2245 | D:3      | Reached XP level 7. HP: 45/50 MP: 1/13
  2407 | D:3      | Noticed Ijyb
  2415 | D:3      | Killed Ijyb
  3274 | D:4      | Reached skill level 1 in Charms
  3274 | D:4      | Reached skill level 6 in Ice Magic
  3513 | D:4      | Learned a level 4 spell: Summon Ice Beast
  3547 | D:4      | Noticed Pikel
  3559 | D:4      | Killed Pikel
  3559 | D:4      | Reached skill level 5 in Spellcasting
  3559 | D:4      | Reached skill level 1 in Conjurations
  3559 | D:4      | Reached XP level 8. HP: 57/57 MP: 1/15
  4113 | D:5      | Entered Level 5 of the Dungeon
  4261 | D:5      | Found a bloodstained altar of Trog.
  4314 | D:5      | Reached skill level 1 in Evocations
  4336 | D:5      | Noticed Grinder
  4363 | D:5      | Paralysed by Grinder for 3 turns
  4370 | D:5      | Killed Grinder
  4794 | D:5      | Reached skill level 5 in Dodging
  4795 | D:5      | Reached skill level 1 in Summonings
  4795 | D:5      | Reached XP level 9. HP: 64/64 MP: 6/17
  4913 | D:5      | Learned a level 4 spell: Ice Form
  5108 | D:6      | Reached skill level 7 in Ice Magic
  5367 | D:6      | Found a shimmering altar of Xom.
  5471 | D:6      | Reached skill level 1 in Unarmed Combat
  5545 | D:7      | Found a staircase to the Ecumenical Temple.
  5616 | Temple   | Entered the Ecumenical Temple
  5838 | Temple   | Became a worshipper of Sif Muna the Loreminder
  5939 | D:7      | Found a runed translucent door.
  5947 | D:7      | Reached skill level 1 in Transmutations
  6009 | D:7      | Found a basalt altar of Yredelemnul.
  6313 | D:7      | Found Buohazud's Gadget Shoppe.
  6527 | D:8      | Reached skill level 1 in Invocations
  6528 | D:8      | Reached * piety under Sif Muna
  6711 | D:8      | Reached XP level 10. HP: 73/73 MP: 6/18
  7412 | D:8      | You fall into a shaft and drop 2 floors!
  7412 | D:10     | Entered Level 10 of the Dungeon
  7624 | D:9      | Found an ancient bone altar of Kikubaaqudgha.
  7902 | D:8      | Found an opulent altar of Gozag.
  7943 | D:8      | Got a warped spear
  7975 | D:8      | Identified the +6 spear of Governance {flame, rC+ rN+} (You
                  | found it on level 8 of the Dungeon)
  8080 | D:9      | Found Diotireur's Armour Shop.
  8211 | D:9      | Reached ** piety under Sif Muna
  8588 | D:9      | Found a staircase to the Orcish Mines.
  8844 | D:10     | Reached skill level 1 in Polearms
  8913 | D:10     | Reached skill level 5 in Fighting
  8962 | D:10     | Found a staircase to the Lair.
  9111 | D:7      | Bought a phantom mirror for 480 gold pieces
  9518 | D:9      | Reached skill level 8 in Ice Magic
  9669 | D:10     | Reached XP level 11. HP: 81/81 MP: 4/20
  9876 | D:10     | Reached *** piety under Sif Muna
 10474 | D:11     | Found Lanar's Food Shoppe.
 10482 | D:11     | Bought a ration for 60 gold pieces
 10482 | D:11     | Bought a ration for 60 gold pieces
 10482 | D:11     | Bought a ration for 60 gold pieces
 11226 | D:12     | Noticed a two-headed ogre
 11234 | D:12     | Killed a two-headed ogre
 11234 | D:12     | Reached **** piety under Sif Muna
 11274 | D:12     | Noticed a brown ugly thing
 11291 | D:12     | Noticed a deep elf mage
 11328 | D:12     | Found a gate leading to a gauntlet.
 11369 | Gauntlet | Entered a Gauntlet
 11369 | Gauntlet | Found a transporter.
 11369 | Gauntlet | Found a transporter.
 11374 | Gauntlet | Found a transporter.
 11381 | Gauntlet | Noticed a worldbinder
 11382 | Gauntlet | Found a transporter.
 11390 | Gauntlet | Noticed a sixfirhy
 11391 | Gauntlet | Noticed a sixfirhy
 11392 | Gauntlet | Found a transporter.
 11393 | Gauntlet | Found a transporter.
 11396 | Gauntlet | Found a transporter.
 11396 | Gauntlet | Noticed a death drake
 11403 | Gauntlet | Found a transporter.
 11403 | Gauntlet | Found a transporter.
 11403 | Gauntlet | Noticed a wretched star
 11458 | Gauntlet | Found a transporter.
 11460 | Gauntlet | Found a large runed translucent door.
 11461 | Gauntlet | Found a large runed translucent door.
 11463 | Gauntlet | Found a runed translucent gate.
 11463 | Gauntlet | Noticed a fire crab
 11480 | Gauntlet | Found a transporter.
 11496 | Gauntlet | Noticed a salamander
 11498 | Gauntlet | Found a transporter.
 11502 | Gauntlet | Found a large runed translucent door.
 11515 | Gauntlet | a salamander changed into a hippogriff
 11525 | Gauntlet | Noticed a shining eye
 11534 | Gauntlet | a shining eye changed into a torpor snail
 11538 | Gauntlet | Found a transporter.
 11540 | Gauntlet | Found a large runed translucent door.
 11540 | Gauntlet | Found a large runed translucent door.
 11540 | Gauntlet | Noticed an anaconda
 11540 | Gauntlet | a torpor snail changed into an anaconda
 11541 | Gauntlet | Found a large runed translucent door.
 11541 | Gauntlet | Found a large runed translucent door.
 11542 | Gauntlet | Found a large runed translucent door.
 11542 | Gauntlet | Found a runed translucent door.
 11542 | Gauntlet | Found a runed translucent door.
 11542 | Gauntlet | Found a large runed translucent door.
 11542 | Gauntlet | Found a large runed translucent door.
 11543 | Gauntlet | Found a large runed translucent door.
 11543 | Gauntlet | Found a large runed translucent door.
 11546 | Gauntlet | Found a large runed translucent door.
 11546 | Gauntlet | Found a large runed translucent door.
 11548 | Gauntlet | Found a large runed translucent door.
 11548 | Gauntlet | Found a large runed translucent door.
 11550 | Gauntlet | Found a runed translucent gate.
 11550 | Gauntlet | Found a runed translucent gate.
 11552 | Gauntlet | Found a transporter.
 11623 | Gauntlet | Noticed a manticore
 11627 | Gauntlet | Noticed a mana viper
 11627 | Gauntlet | a dream sheep changed into a mana viper
 11653 | Gauntlet | Found a transporter.
 11669 | Gauntlet | Found a transporter.
 11670 | Gauntlet | Noticed a reaper
 11769 | Gauntlet | Noticed a sea snake
 11769 | Gauntlet | Noticed a lindwurm
 11769 | Gauntlet | a sea snake changed into a lindwurm
 11770 | Gauntlet | Noticed a faun
 11774 | Gauntlet | Noticed a cyclops
 11774 | Gauntlet | a lindwurm changed into a cyclops
 11790 | Gauntlet | Noticed a wizard
 11798 | Gauntlet | Noticed an ironheart preserver
 11800 | Gauntlet | Killed a worldbinder
 11842 | Gauntlet | Learned a level 5 spell: Blade Hands
 12026 | Gauntlet | Collided with a metal wall

Levels and vault maps discovered:
D:1:      moated_graveyard_arrival, layout_loops_ring
D:2:      layout_basic, uniq_natasha, uniq_crazy_yiuf_cottage
D:3:      layout_loops_corners, cheibrodos_sewer_entry_sluice, uniq_jessica,
          uniq_terence, uniq_ijyb
D:4:      layout_layer_cave, minmay_misc_feat_diagonals, due_unseen_surprise,
          uniq_pikel
D:5:      layout_basic, lightli_temple_of_fire, first_ration, uniq_grinder
D:6:      layout_rooms, tgw_xom
D:7:      layout_basic, minmay_temple_entry_stoned_glass, serial_shops,
          kennysheep_little_box, the_bakery, dk_yredelemnul_ordeal
D:8:      layout_loops_ring, lemuel_round_altar, palyth_stone_intersect
D:9:      layout_roguey, lemuel_coloured_pillars_altar, david_orc_3,
          serial_shops, nicolae_shop_waterfront
D:10:     layout_small_grid, minmay_lair_entry_grove, minmay_tree_intersection,
          minmay_misc_feat_x, minmay_gold_behind_fungi
D:11:     layout_roguey, serial_shops, shop_fountains
D:12:     layout_long_grid, gauntlet_entry_generic, drop_trap
Temple:   dpeg_five_rooms_temple
Gauntlet: gammafunk_gauntlet_branching [gammafunk_gauntlet_arena_split_diamond,
          gammafunk_gauntlet_arena_hedges,
          minmay_gauntlet_arena_make_your_own_arena,
          gammafunk_gauntlet_arena_mazey, gammafunk_gauntlet_arena_teeth,
          gammafunk_gauntlet_arena_corners, nicolae_gauntlet_arena_blocks,
          nicolae_gauntlet_arena_quarters, gauntlet_exit_watery]

Skill      XL: |  1  2  3  4  5  6  7  8  9 10 11 |
---------------+----------------------------------+-----
Fighting       | 1 2 3 4 5 6 |  6.1
Throwing       | 1 2 3 |  3.4
Dodging        | 3 4 5 6 7 |  7.4
Ice Magic      | 5 6 7 8 |  8.4
Spellcasting   | 3 4 5 6 7 |  7.1
Armour         | 1 2 3 |  3.8
Charms         | 1 2 3 4 |  4.0
Conjurations   | 1 2 3 |  3.8
Evocations     | 1 2 3 4 |  4.0
Summonings     | 1 2 4 |  4.2
Unarmed Combat | 2 3 4 |  4.6
Transmutations | 2 3 4 |  4.1
Invocations    | 1 2 4 |  4.4
Polearms       | 2 3 |  3.9
Axes           | |  0.9
Staves         | |  0.1
Stealth        | |  2.9

Action                   |  1- 3 |  4- 6 |  7- 9 | 10-12 || total
-------------------------+-------+-------+-------+-------++-------
Melee: Unarmed           |     1 |       |    92 |    52 ||   145
       Dagger            |     2 |       |       |       ||     2
       Staff             |       |     7 |    28 |     7 ||    42
       Tailslap          |       |     1 |       |       ||     1
       War axe           |       |       |    21 |       ||    21
       Spear             |       |       |       |    96 ||    96
Throw: Boomerang         |       |       |     1 |    12 ||    13
 Cast: Freeze            |    34 |    26 |    36 |    33 ||   129
       Frozen Ramparts   |     6 |    19 |    46 |    57 ||   128
       Hailstorm         |       |     4 |    17 |    30 ||    51
       Summon Ice Beast  |       |       |    18 |    40 ||    58
       Ozocubu's Armour  |       |       |     2 |     1 ||     3
       Ice Form          |       |       |    10 |    12 ||    22
 Abil: End Transformatio |       |       |       |     1 ||     1
Evoke: Wand              |       |       |     1 |    24 ||    25
  Use: Scroll            |     3 |     2 |     3 |    10 ||    18
       Potion            |       |       |     4 |     6 ||    10
 Stab: Sleeping          |       |       |     1 |     3 ||     4
       Paralysed         |       |       |       |     5 ||     5
  Eat: Chunk             |     2 |     6 |    18 |    29 ||    55
       Ration            |       |       |     2 |     1 ||     3
Armor: Robe              |     6 |     2 |    17 |       ||    25
       Skin              |       |       |    26 |    11 ||    37
       Steam dragon scal |       |       |       |    48 ||    48
Dodge: Dodged            |    22 |     8 |   110 |   140 ||   280

Table legend:
 A = Non-vault XP
 B = Vault XP
 C = Vault XP percentage of total XP
 D = Non-vault monster count
 E = Vault monster count
 F = Vault count percentage of total count
                 A         B        C        D         E       F
            +---------+---------+-------+---------+---------+-------
      Total |   11448 |    4906 |  30.0 |     238 |      57 |  19.3
            +---------+---------+-------+---------+---------+-------
        D:1 |      44 |       0 |   0.0 |      27 |       0 |   0.0
        D:2 |      48 |      77 |  61.6 |       7 |       2 |  22.2
        D:3 |      56 |     129 |  69.7 |      20 |       5 |  20.0
        D:4 |     417 |     548 |  56.8 |      20 |       1 |   4.8
        D:5 |     481 |     245 |  33.7 |      13 |       1 |   7.1
        D:6 |     363 |      12 |   3.2 |      15 |       5 |  25.0
        D:7 |     761 |     185 |  19.6 |      20 |       1 |   4.8
        D:8 |    1680 |       0 |   0.0 |      30 |       0 |   0.0
        D:9 |    1193 |     963 |  44.7 |      27 |      12 |  30.8
       D:10 |    1656 |    1018 |  38.1 |      21 |       8 |  27.6
       D:11 |    3508 |       0 |   0.0 |      35 |       0 |   0.0
       D:12 |    1241 |       0 |   0.0 |       3 |       0 |   0.0
      Sewer |       0 |     355 | 100.0 |       0 |      17 | 100.0
   Gauntlet |       0 |    1374 | 100.0 |       0 |       5 | 100.0
            +---------+---------+-------+---------+---------+-------
